 Dungeon Crawl Stone Soup version 0.32-a0-986-ga09f62fbf4 (webtiles) character file.

Game seed: 9743415951132253128

2042 GiantSquids the Mimic (level 9, -12/58 HPs)
             Began as an Octopode Shapeshifter on Apr 22, 2024.
             Was an Initiate of Trog.
             Mangled by olddryhag's ghost (27 damage)
             ... on level 6 of the Dungeon.
             The game lasted 00:13:24 (5340 turns).

GiantSquids the Mimic (Octopode Shapeshifter)       Turns: 5340, Time: 00:13:24

Health: -12/58     AC:  1    Str: 17      XL:     9   Next: 24%
Magic:  9/9        EV: 13    Int: 18      God:    Trog [......]
Gold:   253        SH:  0    Dex: 11 (12) Spells: 8/8 levels left

rFire   x . .        n - +6 hand axe of Musse {spect, +Blink rF- rCorr SInv}
rCold   + . .        (no shield)
rNeg    . . .        (helmet currently unavailable)
rPois   .            B - amulet of the acrobat
rElec   .            k - ring of protection from cold
rCorr   +            q - +6 ring of intelligence
SInv    +            (no ring)
Will    .....        (no ring)
Stlth   +++          (no ring)
HPRegen 0.29/turn    (no ring)
MPRegen 0.11/turn    (no ring)
                     (no ring)

%: acrobat
@: beast-form
A: beast (slay +4), almost no armour, amphibious, 8 rings, camouflage 1,
gelatinous body 1, (nimble swimmer 1), tentacles
a: Begin Untransformation, Renounce Religion, Evoke Blink


You were on level 6 of the Dungeon.
You worshipped Trog.
Trog was noncommittal.
You were a hulking beast.
You visited 1 branch of the dungeon, and saw 7 of its levels.
You also visited: Sewer.

You collected 336 gold pieces.
You spent 83 gold pieces at shops.

Inventory:

Hand Weapons
 g - a +2 dagger of electrocution
 n - the +6 hand axe of Musse (weapon) {spect, +Blink rF- rCorr SInv}
   (You found it on level 2 of the Dungeon)

   rF-:       It makes you vulnerable to fire.
   SInv:      It lets you see invisible.
   +Blink:    It lets you blink.
   rCorr:     It protects you from acid and corrosion.
Missiles
 y - 7 stones (quivered)
 C - a throwing net
Jewellery
 k - a ring of protection from cold (left tentacle)
 q - a +6 ring of intelligence (right tentacle)
 s - a ring of fire
 B - an amulet of the acrobat (around mantle)
Talismans
 b - a beast talisman (active)
 c - a flux talisman
Scrolls
 f - 3 scrolls of enchant armour {unknown}
 h - a scroll of butterflies
 m - 3 scrolls of teleportation {unknown}
 o - a scroll of immolation
 p - a scroll of enchant weapon
 r - 2 scrolls of fear {unknown}
 v - a scroll of blinking
 x - a scroll of noise
Potions
 a - 3 potions of lignification
 d - 4 potions of heal wounds
 e - 3 potions of attraction
 i - 2 potions of curing
 j - a potion of invisibility {unknown}
 l - a potion of berserk rage {unknown}
 t - 2 potions of resistance {unknown}
 u - a potion of brilliance {unknown}
 w - 2 potions of degeneration {unknown}
 z - a potion of enlightenment {unknown}
 A - a potion of ambrosia {unknown}


   Skills:
 + Level 4.2 Fighting
 + Level 4.6 Dodging
 - Level 4.5 Stealth
 - Level 3.0 Unarmed Combat
 * Level 9.4 Shapeshifting


You had 8 spell levels left.
You didn't know any spells.
Your spell library contained the following spells:

 Spells                   Type           Power      Damage    Failure   Level
 Summon Ice Beast         Ice/Summ       0%         N/A       54%         3
 Summon Mana Viper        Hex/Summ       0%         N/A       99%         5
 Monstrous Menagerie      Summ           0%         N/A       100%        7


Dungeon Overview and Level Annotations

Branches:
Dungeon (7/15)              Sewer (visited)
 Temple: D:4-7

Altars:
Qazlal
Sif Muna
Trog
Vehumet

Shops:
D:5 ?   D:6 [:!(!

Annotations:
D:6 1 transporter, olddryhag's ghost, novice MDFE


Innate Abilities, Weirdness & Mutations

You are a hulking beast.
Your limbs bulge with bestial killing power. (Slay +4)
You cannot wear most types of armour.
You are amphibious.
You can wear up to eight rings at the same time.
Your skin changes colour to match your surroundings (Stealth+).
Your rubbery body absorbs attacks. (AC +1, EV +1)
((You are camouflaged when in or above water. (Stealth+)))
You have tentacles for arms and can constrict up to eight enemies at once.


Message History

The quasit barely misses your +6 hand axe of Musse {spect, +Blink rF- rCorr SInv}.
The quasit bites your +6 hand axe of Musse {spect, +Blink rF- rCorr SInv} but does no damage.
The quasit misses your +6 hand axe of Musse {spect, +Blink rF- rCorr SInv}.
The quasit claws your +6 hand axe of Musse {spect, +Blink rF- rCorr SInv} but does no damage.
You slash the quasit!
You kill the quasit!
Trog accepts your kill.
Your +6 hand axe of Musse {spect, +Blink rF- rCorr SInv} disappears.
You feel less vulnerable to fire.
Olddryhag's ghost mumbles some strange words.
Olddryhag's ghost conjures some foxfire!
A foxfire comes into view.
You miss the quasit. You grab the quasit.
The quasit is moderately wounded.
Your +6 hand axe of Musse {spect, +Blink rF- rCorr SInv} hits the quasit but does no damage.
Your +6 hand axe of Musse {spect, +Blink rF- rCorr SInv} barely misses the foxfire.
You constrict the quasit.
A foxfire comes into view.
The foxfire hits your +6 hand axe of Musse {spect, +Blink rF- rCorr SInv}.
Your +6 hand axe of Musse {spect, +Blink rF- rCorr SInv} resists.
Your spectral weapon shares its damage with you!
The quasit misses your +6 hand axe of Musse {spect, +Blink rF- rCorr SInv}.
The quasit claws your +6 hand axe of Musse {spect, +Blink rF- rCorr SInv} but does no damage.
The quasit misses your +6 hand axe of Musse {spect, +Blink rF- rCorr SInv}.
The quasit bites you but does no damage.
The quasit claws you.
* * * LOW HITPOINT WARNING * * *
The quasit claws you but does no damage.
You hit the quasit but do no damage. You squeeze the quasit!
You kill the quasit!
Trog accepts your kill.
Your +6 hand axe of Musse {spect, +Blink rF- rCorr SInv} disappears.
The quasit bites you.
* * * LOW HITPOINT WARNING * * *
You feel clumsy. The quasit closely misses you. The quasit claws you.
* * * LOW HITPOINT WARNING * * *
Olddryhag's ghost mumbles some strange words.
Flames lash you. The fire burns you terribly!
You die...

#.#.##.##.............#..#...##..
....##.##.#...#####......##.....#
....#..)....###$..###....##.....#
.......##..## ......#.....#.....#
.......#...# .#.#...#.#...##.<..#
.......#...#.!#§#...#..........##
.......##..##.§W§.#.##.........#.
.......#....#..#§..# #.........#.
.....#.##..©#)=5h# #.........#.
........##.[#/#.....##.........##
....##...#.##.#...#.#©......##..#
.....#.....# .#.##..##......###.#
##.#.....#.#.#..W#./W#.#........#
.#...##....##..#....##.###<.....#
......##.)..#......##..#.........
#####.##..#.##.#####.....##......
####...#..#..###.........########


You could see a quasit and olddryhag's ghost.

Vanquished Creatures
  Sigmund (D:5)
  Eustachio (D:4)
  A sky beast (D:6)
  An ice beast (D:5)
  3 black bears
  A phantom (D:4)
  2 bullfrogs (Sewer)
  3 scorpions
  2 bombardier beetles
  3 hounds
  4 quasits (D:6)
  A gnoll bouda (D:6)
  A jelly (D:6)
  2 orc priests (D:5)
  A sleepcap (D:6)
  2 iguanas
  5 orc wizards
  10 adders
  8 gnolls
  5 river rats (Sewer)
  2 white imps
  4 ribbon worms
  2 dart slugs
  10 orcs
  10 endoplasms
  A giant cockroach (D:4)
  4 goblins
  2 hobgoblins (D:1)
  6 jackals
  5 quokkas
  18 ball pythons
  9 bats
  8 frilled lizards
  6 kobolds
  23 rats
167 creatures vanquished.

Vanquished Creatures (others)
  2 foxfires (D:6)
2 creatures vanquished.

Grand Total: 169 creatures vanquished

Notes
Turn   | Place    | Note
-------+----------+-------------------------------------------
     0 | D:1      | GiantSquids the Octopode Shapeshifter began the quest for
                  | the Orb.
     0 | D:1      | Reached XP level 1. HP: 13/13 MP: 1/1
   266 | D:1      | Reached skill level 1 in Stealth
   410 | D:1      | Reached XP level 2. HP: 9/18 MP: 2/2
   820 | D:2      | Reached XP level 3. HP: 18/23 MP: 3/3
  1128 | D:2      | Identified the +6 hand axe of Musse {spect, +Blink rF-
                  | rCorr SInv}
  1231 | D:2      | Reached skill level 4 in Shapeshifting
  1233 | D:2      | Reached XP level 4. HP: 28/28 MP: 4/4
  1533 | D:3      | Reached XP level 5. HP: 33/33 MP: 5/5
  1754 | D:3      | Identified the +4 mace "Muekk" {freeze, Dex+5}
  1964 | D:3      | Reached skill level 5 in Shapeshifting
  2037 | D:3      | Found a radiant altar of Vehumet.
  2119 | D:4      | Noticed a phantom
  2128 | D:4      | Killed a phantom
  2129 | D:4      | Reached XP level 6. HP: 12/38 MP: 6/6
  2357 | D:4      | Noticed Eustachio
  2379 | D:4      | Killed Eustachio
  2380 | D:4      | Reached skill level 6 in Shapeshifting
  2380 | D:4      | Reached XP level 7. HP: 9/43 MP: 7/7
  2537 | D:4      | Found a shimmering blue altar of Sif Muna.
  2558 | D:4      | Found a glowing drain.
  2573 | Sewer    | Entered a sewer
  2798 | Sewer    | Reached skill level 7 in Shapeshifting
  3620 | D:5      | Entered Level 5 of the Dungeon
  3620 | D:5      | Found Dofoum's Magic Scroll Boutique.
  3636 | D:5      | Bought a scroll of identify for 28 gold pieces
  3845 | D:5      | Reached XP level 8. HP: 34/50 MP: 8/8
  3943 | D:5      | You fall into a shaft and drop 2 floors!
  4024 | D:6      | Found a transporter.
  4090 | D:6      | Reached skill level 8 in Shapeshifting
  4108 | D:6      | Found Moutagewn's Distillery.
  4126 | D:6      | Bought a potion of heal wounds for 55 gold pieces
  4148 | D:6      | Found Zoonkiyzo's Distillery.
  4150 | D:6      | Found Laonur's Weapon Emporium.
  4359 | D:6      | Found a bloodstained altar of Trog.
  4368 | D:6      | Became a worshipper of Trog the Wrathful
  4383 | D:6      | Found a transporter.
  4386 | D:6      | Noticed olddryhag's ghost (novice MDFE)
  4492 | D:6      | Found Otwicow's Book Shop.
  4679 | D:6      | Found Netolaha's Armour Shop.
  4917 | D:5      | Found a stormy altar of Qazlal.
  5022 | D:5      | Reached skill level 9 in Shapeshifting
  5022 | D:5      | Reached XP level 9. HP: 58/58 MP: 9/9
  5138 | D:5      | Noticed Sigmund
  5150 | D:5      | Killed Sigmund
  5340 | D:6      | Mangled by olddryhag's ghost

Illustrated notes

Levels and vault maps discovered:
D:1:      saegor_arrival_simple_d, layout_loops_ring, hangedman_decor_opposing
D:2:      layout_loops_corners
D:3:      layout_loops_cross, mainiacjoe_overflow_alcove_4
D:4:      layout_loops_corners, hellmonk_sif_muna_bookshelves,
          cheibrodos_sewer_entry_drain, uniq_eustachio
D:5:      layout_loops_ring, grunt_qazlal_clouds, serial_shops, shop,
          uniq_sigmund
D:6:      layout_cave_pools, mainiacjoe_overflow_surrounded_room,
          gammafunk_ghost_stat_death, serial_shops,
          nicolae_shop_gibbet_a_chance, nicolae_shop_tiny_glass, shop, shop,
          nicolae_shop_waterfront, columned_hall_lemuel, corner_web_ring
D:7:      layout_cave_pools, old_standard_altar, minmay_temple_entry_mini_moons

Skill      XL: |  1  2  3  4  5  6  7  8  9 |
---------------+----------------------------+-----
Stealth        | 1 2 3 4 |  4.5
Shapeshifting  | 4 5 6 7 9 |  9.4
Fighting       | 3 4 |  4.2
Dodging        | 4 |  4.6
Unarmed Combat | |  3.0

Action                     |  1- 3 |  4- 6 |  7- 9 || total
---------------------------+-------+-------+-------++-------
  Melee: Unarmed           |    18 |       |       ||    18
         Constrict         |     7 |    22 |    34 ||    63
         Dagger            |    12 |       |       ||    12
         Tentacles         |     4 |    11 |    28 ||    43
         Hand axe          |     5 |    68 |   107 ||   180
    Use: Scroll            |       |       |     8 ||     8
   Stab: Sleeping          |     8 |    10 |     9 ||    27
 Armour: Skin              |     6 |    43 |    59 ||   108
  Dodge: Dodged            |    12 |    51 |    61 ||   124

Table legend: (Time is in decaauts)
 A = Elapsed time spent in this place.
 B = Non-inter-level travel time spent in this place.
 C = Inter-level travel time spent in this place.
 D = Time resting spent in this place.
 E = Time spent auto-exploring this place.
 F = Levels seen in this place.
 G = Mean time per level.
                   A        B        C        D        E       F      G
               +--------+--------+--------+--------+--------+-----+--------+
         Total |   5389 |   5242 |    147 |    115 |   3959 |   8 |  673.6 |
       Dungeon |   5046 |   4899 |    147 |    115 |   3732 |   7 |  720.9 |
         Sewer |    342 |    342 |      0 |      0 |    227 |   1 |  342.0 |
               +--------+--------+--------+--------+--------+-----+--------+

Top non-repeatable levels by time:
     D:4: 1196 daAuts
     D:6: 939 daAuts
     D:2: 803 daAuts
     D:1: 717 daAuts
     D:5: 712 daAuts
     D:3: 608 daAuts
   Sewer: 342 daAuts
     D:7: 69 daAuts
